[ PARTIDA AOE2 · #504946490 ]
UnrankedHunos vs Tatars
Equipo del jugador · VICT
Equipo rival · DERR
[ ANÁLISIS DE REPETICIÓN · EXTRAÍDO DE LA PARTIDA GRABADA ]
Feudal
15:00
Castillos
18:36
Imperial
32:05
| APM promedio | 36.9 |
| APM pico | 91 |
| eAPM promedio | 17.7 |
| Aldeanos / militares | 100 / 77 |
Foco
⚔️ 28.9% · 🌾 71.1%
Cavalry Archer ×63 · Fishing Ship ×27 · Mangonel ×6 · Trebuchet (Packed) ×5 · Tarkan ×2 · Monk ×1
Feudal
15:09
Castillos
19:08
Imperial
35:06
| APM promedio | 52.9 |
| APM pico | 97 |
| eAPM promedio | 28.7 |
| Aldeanos / militares | 98 / 34 |
Foco
⚔️ 23.4% · 🌾 76.6%
Cavalry Archer ×26 · Mangonel ×8
Mapa de la partida
Recursos iniciales + cada clic de construcción. Líneas = muros · curvas = relieve. ◆ oro · ⬟ piedra · ● bayas · ✦ reliquia · ◌ hueco del cierre
Tu base· ✓ Cerrada en 18:36 · 47t muro · sin puerta
Base de ivanalexx· Abierta — el rival se encerró
Terreno inicial suavizado · ◌ = hueco del cierre detectado · pasá el cursor para detalles
Inputs por minuto
— cardinals - - ivanalexx
Build order — cardinals
Primeras 150 de 218 acciones detectadas
| 0:00 | Encolar | Villager (Male) |
| 0:00 | Encolar | Villager (Male) |
| 0:01 | Encolar | Villager (Male) |
| 0:14 | Encolar | Villager (Male) |
| 0:21 | Investigar | Loom |
| 0:21 | Encolar | Villager (Male) |
| 0:21 | Encolar | Villager (Male) |
| 0:33 | Encolar | Villager (Male) |
| 0:50 | Construir | Palisade Wall |
| 2:13 | Encolar | Villager (Male) |
| 3:04 | Encolar | Villager (Male) |
| 3:05 | Encolar | Villager (Male) |
| 3:33 | Encolar | Villager (Male) |
| 3:44 | Encolar | Villager (Male) |
| 4:39 | Encolar | Villager (Male) |
| 4:41 | Encolar | Villager (Male) |
| 5:08 | Construir | Palisade Wall |
| 5:10 | Encolar | Villager (Male) |
| 5:53 | Encolar | Villager (Male) |
| 5:54 | Encolar | Villager (Male) |
| 6:59 | Encolar | Villager (Male) |
| 7:00 | Encolar | Villager (Male) |
| 7:23 | Encolar | Villager (Male) |
| 7:29 | Encolar | Villager (Male) |
| 8:01 | Construir | Palisade Wall |
| 8:13 | Encolar | Villager (Male) |
| 8:38 | Construir | Lumber Camp |
| 9:03 | Encolar | Villager (Male) |
| 9:14 | Construir | Outpost |
| 9:24 | Encolar | Villager (Male) |
| 9:26 | Encolar | Villager (Male) |
| 9:29 | Encolar | Villager (Male) |
| 9:37 | Encolar | Villager (Male) |
| 10:04 | Construir | Palisade Wall |
| 10:10 | Construir | Palisade Wall |
| 10:10 | Encolar | Villager (Male) |
| 10:30 | Construir | Dock |
| 11:12 | Construir | Mill |
| 11:19 | Encolar | Villager (Male) |
| 11:30 | Encolar | Villager (Male) |
| 11:49 | Encolar | Fishing Ship |
| 11:49 | Encolar | Fishing Ship |
| 11:57 | Encolar | Villager (Male) |
| 12:17 | Construir | Dock |
| 12:39 | Construir | Lumber Camp |
| 12:50 | Investigar | Feudal Age |
| 13:04 | Construir | Mining Camp |
| 13:33 | Encolar | Fishing Ship |
| 13:43 | Encolar | Fishing Ship |
| 14:08 | Encolar | Fishing Ship |
| 14:10 | Encolar | Fishing Ship |
| 14:30 | Encolar | Villager (Male) |
| 14:30 | Encolar | Villager (Male) |
| 15:00 | Edad | Edad Feudal |
| 15:02 | Construir | Market |
| 15:14 | Construir | Blacksmith |
| 15:21 | Construir | Stone Wall |
| 15:56 | Investigar | Castle Age |
| 16:02 | Investigar | Double-Bit Axe |
| 16:30 | Investigar | Tech 906 |
| 16:48 | Construir | Outpost |
| 16:51 | Construir | Outpost |
| 16:58 | Encolar | Fishing Ship |
| 17:34 | Investigar | Town Watch |
| 17:40 | Construir | Fish Trap |
| 17:44 | Construir | Fish Trap |
| 17:55 | Encolar | Villager (Male) |
| 17:55 | Encolar | Villager (Male) |
| 18:18 | Construir | Fish Trap |
| 18:27 | Construir | Fish Trap |
| 18:35 | Encolar | Villager (Male) |
| 18:36 | Edad | Edad de los Castillos |
| 18:39 | Construir | Town Center |
| 18:48 | Construir | Town Center |
| 19:06 | Construir | Fish Trap |
| 19:33 | Construir | Fish Trap |
| 19:36 | Construir | Fish Trap |
| 19:38 | Encolar | Fishing Ship |
| 19:42 | Encolar | Villager (Male) |
| 19:46 | Encolar | Fishing Ship |
| 20:04 | Encolar | Villager (Male) |
| 20:04 | Encolar | Villager (Male) |
| 20:08 | Encolar | Villager (Male) |
| 20:08 | Encolar | Villager (Male) |
| 20:12 | Investigar | Bow Saw |
| 20:14 | Encolar | Villager (Male) ×4 |
| 20:24 | Construir | Fish Trap |
| 20:26 | Encolar | Fishing Ship |
| 20:29 | Construir | Fish Trap |
| 20:36 | Encolar | Villager (Male) |
| 21:01 | Construir | Siege Workshop |
| 21:08 | Construir | Stone Wall |
| 21:09 | Encolar | Villager (Male) ×3 |
| 21:17 | Construir | Fish Trap |
| 21:28 | Encolar | Fishing Ship |
| 21:30 | Investigar | Gillnets |
| 21:31 | Encolar | Villager (Male) |
| 21:43 | Encolar | Mangonel |
| 21:47 | Construir | Stone Wall |
| 21:53 | Construir | Gate |
| 21:57 | Encolar | Villager (Male) ×2 |
| 22:09 | Encolar | Villager (Male) |
| 22:17 | Construir | Dock |
| 22:19 | Construir | Fish Trap |
| 22:22 | Encolar | Fishing Ship |
| 22:25 | Encolar | Fishing Ship |
| 22:42 | Encolar | Villager (Male) ×5 |
| 22:54 | Construir | Stone Wall |
| 22:57 | Construir | Stone Wall |
| 22:58 | Construir | Stone Wall |
| 22:59 | Construir | Stone Wall |
| 23:08 | Encolar | Mangonel |
| 23:10 | Encolar | Villager (Male) ×3 |
| 23:43 | Encolar | Villager (Male) ×5 |
| 23:59 | Encolar | Villager (Male) ×2 |
| 24:12 | Construir | Stone Wall |
| 24:12 | Construir | Stone Wall |
| 24:26 | Encolar | Villager (Male) ×3 |
| 24:51 | Encolar | Villager (Male) |
| 25:01 | Encolar | Villager (Male) ×3 |
| 25:03 | Encolar | Mangonel |
| 25:29 | Encolar | Fishing Ship ×5 |
| 25:37 | Construir | Fish Trap |
| 25:42 | Construir | Mining Camp |
| 26:06 | Encolar | Villager (Male) ×5 |
| 26:08 | Encolar | Mangonel |
| 26:33 | Construir | Mining Camp |
| 26:37 | Construir | University |
| 26:41 | Construir | Fish Trap |
| 26:42 | Encolar | Fishing Ship ×5 |
| 26:43 | Encolar | Villager (Male) ×3 |
| 27:17 | Construir | Outpost |
| 27:20 | Encolar | Villager (Male) ×4 |
| 27:40 | Encolar | Villager (Male) |
| 27:51 | Encolar | Mangonel |
| 28:14 | Construir | Castle |
| 28:22 | Construir | Fish Trap |
| 28:24 | Construir | Fish Trap |
| 28:28 | Construir | Fish Trap |
| 28:29 | Construir | Fish Trap |
| 28:32 | Construir | Fish Trap |
| 28:34 | Construir | Fish Trap |
| 28:37 | Construir | Fish Trap |
| 28:41 | Construir | Fish Trap |
| 28:43 | Construir | Fish Trap |
| 28:45 | Construir | Fish Trap |
| 28:47 | Encolar | Fishing Ship |
| 28:50 | Encolar | Fishing Ship |
| 28:50 | Encolar | Fishing Ship |
| 28:55 | Investigar | Imperial Age |
Build order — ivanalexx
Primeras 150 de 280 acciones detectadas
| 0:00 | Encolar | Villager (Male) |
| 0:01 | Encolar | Villager (Male) |
| 0:01 | Encolar | Villager (Male) |
| 0:01 | Encolar | Villager (Male) |
| 0:02 | Encolar | Villager (Male) |
| 0:03 | Construir | House |
| 0:04 | Construir | House |
| 1:31 | Encolar | Villager (Male) |
| 1:32 | Encolar | Villager (Male) |
| 2:04 | Encolar | Villager (Male) |
| 2:05 | Investigar | Loom |
| 2:05 | Investigar | Loom |
| 2:37 | Encolar | Villager (Male) |
| 3:04 | Encolar | Villager (Male) |
| 3:04 | Encolar | Villager (Male) |
| 3:44 | Encolar | Villager (Male) |
| 4:09 | Encolar | Villager (Male) |
| 4:14 | Construir | House |
| 4:22 | Construir | Palisade Wall |
| 4:28 | Construir | Palisade Wall |
| 4:38 | Construir | Palisade Gate |
| 4:46 | Construir | Palisade Wall |
| 4:49 | Encolar | Villager (Male) |
| 4:50 | Encolar | Villager (Male) |
| 5:28 | Encolar | Villager (Male) |
| 5:40 | Encolar | Villager (Male) |
| 6:23 | Construir | Palisade Gate |
| 6:27 | Construir | Palisade Wall |
| 6:34 | Encolar | Villager (Male) |
| 6:35 | Construir | Palisade Wall |
| 6:40 | Construir | Palisade Wall |
| 6:42 | Construir | Palisade Wall |
| 6:45 | Construir | Palisade Wall |
| 7:00 | Encolar | Villager (Male) |
| 7:18 | Encolar | Villager (Male) |
| 7:31 | Encolar | Villager (Male) |
| 7:46 | Encolar | Villager (Male) |
| 7:53 | Encolar | Villager (Male) |
| 8:43 | Construir | House |
| 9:05 | Encolar | Villager (Male) |
| 9:37 | Construir | Lumber Camp |
| 9:41 | Encolar | Villager (Male) |
| 9:56 | Encolar | Villager (Male) |
| 10:07 | Construir | Mill |
| 10:31 | Encolar | Villager (Male) |
| 10:37 | Construir | Mining Camp |
| 10:52 | Encolar | Villager (Male) |
| 11:08 | Encolar | Villager (Male) |
| 11:19 | Construir | House |
| 11:24 | Encolar | Villager (Male) |
| 12:08 | Encolar | Villager (Male) |
| 12:17 | Construir | Farm |
| 12:30 | Encolar | Villager (Male) |
| 12:59 | Investigar | Feudal Age |
| 13:03 | Construir | Farm |
| 13:07 | Construir | Farm |
| 13:36 | Construir | House |
| 13:38 | Construir | House |
| 14:19 | Construir | Mill |
| 15:01 | Encolar | Villager (Male) |
| 15:01 | Encolar | Villager (Male) |
| 15:09 | Edad | Edad Feudal |
| 15:17 | Construir | Market |
| 15:33 | Construir | Blacksmith |
| 15:55 | Investigar | Double-Bit Axe |
| 15:55 | Investigar | Double-Bit Axe |
| 16:03 | Encolar | Villager (Male) |
| 16:08 | Construir | House |
| 16:21 | Investigar | Castle Age |
| 16:21 | Investigar | Castle Age |
| 16:22 | Investigar | Castle Age |
| 17:01 | Construir | Barracks |
| 17:38 | Investigar | Fletching |
| 17:38 | Investigar | Fletching |
| 17:41 | Investigar | Horse Collar |
| 17:42 | Investigar | Horse Collar |
| 17:59 | Construir | Archery Range |
| 18:19 | Construir | Lumber Camp |
| 19:08 | Edad | Edad de los Castillos |
| 19:10 | Construir | Lumber Camp |
| 19:16 | Construir | Siege Workshop |
| 19:19 | Encolar | Villager (Male) |
| 19:22 | Investigar | Bodkin Arrow |
| 19:23 | Investigar | Bodkin Arrow |
| 19:24 | Encolar | Cavalry Archer |
| 19:43 | Investigar | Bow Saw |
| 19:44 | Investigar | Bow Saw |
| 19:44 | Investigar | Bow Saw |
| 19:49 | Encolar | Villager (Male) |
| 19:51 | Construir | Farm |
| 20:16 | Encolar | Mangonel |
| 20:16 | Encolar | Mangonel |
| 20:16 | Encolar | Mangonel |
| 20:17 | Encolar | Villager (Male) |
| 20:21 | Investigar | Gold Mining |
| 20:22 | Investigar | Gold Mining |
| 20:32 | Construir | Palisade Gate |
| 20:37 | Construir | Palisade Gate |
| 20:39 | Construir | Palisade Wall |
| 20:43 | Construir | Palisade Gate |
| 20:44 | Encolar | Villager (Male) |
| 20:50 | Encolar | Cavalry Archer |
| 20:50 | Encolar | Cavalry Archer |
| 20:59 | Encolar | Villager (Male) |
| 21:03 | Construir | Farm |
| 21:08 | Construir | House |
| 21:35 | Encolar | Villager (Male) |
| 21:38 | Construir | Farm |
| 21:39 | Encolar | Mangonel |
| 21:45 | Construir | House |
| 22:02 | Encolar | Cavalry Archer |
| 22:06 | Encolar | Villager (Male) |
| 22:09 | Construir | Farm |
| 22:19 | Construir | Farm |
| 22:20 | Construir | Farm |
| 22:20 | Construir | Farm |
| 22:20 | Construir | Farm |
| 22:20 | Construir | Farm |
| 22:21 | Construir | Farm |
| 22:21 | Construir | Farm |
| 22:21 | Construir | Farm |
| 22:29 | Construir | Farm |
| 22:39 | Encolar | Villager (Male) |
| 22:42 | Construir | Farm |
| 22:45 | Construir | Farm |
| 22:49 | Encolar | Villager (Male) |
| 23:00 | Encolar | Cavalry Archer |
| 23:03 | Investigar | Padded Archer Armor |
| 23:03 | Investigar | Padded Archer Armor |
| 23:13 | Encolar | Mangonel |
| 23:21 | Construir | Mining Camp |
| 23:59 | Encolar | Cavalry Archer |
| 23:59 | Encolar | Cavalry Archer |
| 23:59 | Encolar | Villager (Male) |
| 24:21 | Encolar | Villager (Male) |
| 24:53 | Encolar | Cavalry Archer |
| 24:54 | Encolar | Villager (Male) |
| 25:03 | Encolar | Villager (Male) |
| 25:09 | Encolar | Villager (Male) |
| 25:29 | Construir | Town Center |
| 25:30 | Encolar | Villager (Male) |
| 25:35 | Construir | Farm |
| 25:37 | Construir | Farm |
| 25:38 | Construir | Farm |
| 25:39 | Construir | Farm |
| 25:46 | Encolar | Cavalry Archer |
| 26:08 | Encolar | Villager (Male) |
| 26:10 | Construir | House |
| 26:11 | Construir | House |
| 26:17 | Encolar | Villager (Male) |
Cronología de la partida
| 0:50 | cardinals · wall_segment Palisade Wall x10 |
| 4:22 | ivanalexx · wall_segment Palisade Wall x1 |
| 4:28 | ivanalexx · wall_segment Palisade Wall x1 |
| 4:46 | ivanalexx · wall_segment Palisade Wall x12 |
| 5:08 | cardinals · wall_segment Palisade Wall x12 |
| 6:27 | ivanalexx · wall_segment Palisade Wall x1 |
| 6:35 | ivanalexx · wall_segment Palisade Wall x1 |
| 6:40 | ivanalexx · wall_segment Palisade Wall x1 |
| 6:42 | ivanalexx · wall_segment Palisade Wall x1 |
| 6:45 | ivanalexx · wall_segment Palisade Wall x1 |
| 8:01 | cardinals · wall_segment Palisade Wall x12 |
| 10:04 | cardinals · wall_segment Palisade Wall x2 |
| 10:10 | cardinals · wall_segment Palisade Wall x1 |
| 10:30 | cardinals · first_building Dock |
| 15:00 | cardinals · age_up feudal |
| 15:09 | ivanalexx · age_up feudal |
| 15:21 | cardinals · wall_segment Stone Wall x13 |
| 15:52 | cardinals · first_market_sell 100 stone |
| 17:01 | ivanalexx · first_building Barracks |
| 17:59 | ivanalexx · first_building Archery Range |
| 18:36 | cardinals · age_up castle |
| 19:08 | ivanalexx · age_up castle |
| 19:16 | ivanalexx · first_building Siege Workshop |
| 20:05 | ivanalexx · first_market_buy 100 wood |
| 20:39 | ivanalexx · wall_segment Palisade Wall x1 |
| 21:01 | cardinals · first_building Siege Workshop |
| 21:08 | cardinals · wall_segment Stone Wall x3 |
| 21:47 | cardinals · wall_segment Stone Wall x7 |
| 22:54 | cardinals · wall_segment Stone Wall x2 |
| 22:57 | cardinals · wall_segment Stone Wall x4 |
| 22:58 | cardinals · wall_segment Stone Wall x1 |
| 22:59 | cardinals · wall_segment Stone Wall x1 |
| 23:09 | ivanalexx · first_market_sell 100 stone |
| 24:12 | cardinals · wall_segment Stone Wall x1 |
| 24:12 | cardinals · wall_segment Stone Wall x1 |
| 27:58 | cardinals · first_market_buy 500 food |
| 28:14 | cardinals · first_building Castle |
| 29:16 | cardinals · first_building Barracks |
| 30:35 | cardinals · first_building Archery Range |
| 30:37 | cardinals · first_building Stable |
| 30:53 | ivanalexx · first_building Monastery |
| 30:58 | cardinals · first_building Monastery |
| 31:25 | ivanalexx · first_building Castle |
| 32:05 | cardinals · age_up imperial |
| 35:06 | ivanalexx · age_up imperial |
| 37:06 | ivanalexx · resign |
[ ANÁLISIS IA · 1 CRÉDITO ]
¿Qué pasó realmente en esta partida?
Wolo.gg analiza cada decisión: build order, eco, micro, errores típicos por bracket. Análisis personalizado por WhatsApp o Discord en 30 segundos.
Guía civ
Hunos
Perfil
cardinals